[Event "Titled Tuesday Blitz April 19 Late 2022"]
[White "Bluebaum, Matthias"]
[Black "Bacrot, Etienne"]
[WhiteFideId "24651516"]
[BlackFideId "605506"]
[WhiteElo "2550"]
[BlackElo "2673"]
[Result "0-1"]
[Round "10"]
[TimeControl "180+1"]
[Date "2022.04.19"]
[WhiteClock "0:00:04"]
[BlackClock "0:00:07"]

1. d4 d5 2. c4 e6 3. Nc3 Be7 4. Nf3 Nf6 5. Qc2 O-O 6. Bg5 h6 7. Bxf6 Bxf6 8. O-O-O Nc6 9. e4 dxe4 10. Qxe4 Qe7 11. h4 Rd8 12. Bd3 g6 13. h5 Bxd4 14. hxg6 f5 15. Qf4 Bg7 16. Rxh6 e5 17. Qh2 e4 18. Rh1 Bxh6+ 19. Qxh6 Qg7 20. Qg5 Rxd3 21. Rh7 Rxc3+ 22. Kb1 exf3 23. Rxg7+ Kxg7 24. bxc3 Be6 25. gxf3 Rf8 26. Qf4 Kxg6 27. Qxc7 Rf7 28. Qg3+ Kf6 29. Qh4+ Ke5 30. Qh2+ f4 31. Kb2 Bxc4 32. Qh5+ Kd6 33. Qg6+ Be6 34. Qe4 a6 35. c4 Rf5 36. a3 Ke7 37. Kb1 Kd6 38. Kb2 Rc5 39. Qxf4+ Ne5 40. Qf8+ Kc6 41. f4 Nxc4+ 42. Kc3 Nd6+ 43. Kd4 Rd5+ 44. Ke3 Bf5 45. Qf6 Rd3+ 46. Ke2 Rxa3 47. Qb2 Rd3 48. Qe5 Rd5 49. Qh8 a5 50. Qa8 Rc5 51. Ke3 Rc3+ 52. Kd4 Rc5 53. Ke3 Rd5 54. f3 Rd3+ 55. Kf2 Rd4 56. Qxa5 Rxf4 57. Kg3 Rc4 58. Qe5 Rc5 59. Qe7 Bd7 60. Qf8 Kc7 61. Qf4 Rf5 62. Qb4 Bc6 63. f4 Rf7 64. Kg4 Rg7+ 65. Kh5 Nf5 66. Qc5 Ng3+ 67. Kh6 Rd7 68. f5 Ne4 69. Qe5+ Rd6+ 70. f6 Nxf6 71. Kg7 Nd7 72. Qa5+ Nb6 73. Qa7 Rd5 74. Qa3 Rd7+ 75. Kf6 Nd5+ 76. Ke5 Re7+ 77. Kd4 Rd7 78. Qa5+ Kb8 79. Qa3 Nc7+ 80. Ke3 Nb5 81. Qf8+ Kc7 82. Qc5 Nd6 83. Qa5+ Kb8 84. Qc5 Re7+ 85. Kd3 Rd7 86. Ke3 Nc8 87. Qe5+ Rc7 88. Qa5 Na7 89. Qe5 Nb5 90. Qh8+ Ka7 91. Qa1+ Kb6 92. Qe5 Rd7 93. Kf2 Rd5 94. Qe3+ Rd4 95. Qe5 Rc4 96. Qf6 Rc5 97. Qd8+ Nc7 98. Qd4 Na6 99. Qd8+ Ka7 100. Qd4 b5 101. Ke3 b4 102. Qd8 Kb7 103. Qe7+ Kb6 104. Qd8+ Kb5 105. Qd3+ Rc4 106. Qf5+ Nc5 107. Qc8 b3 108. Qb8+ Bb7 109. Qe8+ Kb4 110. Qh8 Bc6 111. Kd2 Ne4+ 112. Kd3 Nc5+ 113. Kd2 Na4 114. Qf8+ Rc5 115. Qb8+ Bb5 116. Qf8 b2 117. Qf4+ Rc4 118. Qf5 Kb3 119. Qd3+ Nc3 120. Qc2+ Ka3 121. Kd3 b1=Q 122. Ke3 Qe1+ 123. Kf3 Qe4+ 124. Kg3 Qxc2 125. Kh3 Qd3+ 126. Kh2 Ne4 127. Kh1 Rc2 128. Kg1 Qd1# 0-1


[Site "https://www.chess.com"]

[Event "Titled Tuesday Blitz April 19 Late 2022"]
[White "Bortnyk, Olexandr"]
[Black "Chigaev, Maksim"]
[WhiteFideId "14120828"]
[BlackFideId "4108116"]
[WhiteElo "2723"]
[BlackElo "2478"]
[Result "1-0"]
[Round "10"]
[TimeControl "180+1"]
[Date "2022.04.19"]
[WhiteClock "0:00:08"]
[BlackClock "0:00:01"]

1. d4 Nf6 2. Nc3 d5 3. Bf4 g6 4. Qd2 c6 5. f3 b5 6. a3 Nbd7 7. e4 Nb6 8. e5 Nh5 9. Bh6 Ng7 10. g4 a5 11. Bd3 Ne6 12. Bxf8 Kxf8 13. Nce2 h6 14. Nh3 Nc4 15. Qc1 c5 16. b3 cxd4 17. bxc4 bxc4 18. Bxg6 fxg6 19. Nhf4 d3 20. cxd3 cxd3 21. Nxg6+ Kg7 22. Nef4 Rg8 23. O-O Qb6+ 24. Kh1 Nxf4 25. Nxf4 Ba6 26. Rb1 Qa7 27. Qc6 Kh7 28. Qxd5 Rad8 29. Qe4+ Kh8 30. Ne6 d2 31. Qf4 Rg6 32. Nxd8 Bxf1 33. Rxf1 Qd7 34. Nf7+ Kg7 35. Rd1 Qd3 36. Kg1 Qe2 37. Rxd2 Qe1+ 38. Kg2 h5 39. Ng5 hxg4 40. fxg4 Kh6 41. Nf3+ 1-0


[Site "https://www.chess.com"]

[Event "Titled Tuesday Blitz April 19 Late 2022"]
[White "Bowden, Karl"]
[Black "Jegorovas, Aleksandras"]
[WhiteFideId "400548"]
[BlackFideId "12801950"]
[WhiteElo "2354"]
[BlackElo "2247"]
[Result "0-1"]
[Round "10"]
[TimeControl "180+1"]
[Date "2022.04.19"]
[WhiteClock "0:00:07"]
[BlackClock "0:00:20"]

1. e4 c6 2. c4 e5 3. Nf3 d6 4. Nc3 Nd7 5. d4 Ngf6 6. Be2 Be7 7. O-O O-O 8. b3 Re8 9. Bb2 Bf8 10. Re1 a5 11. Bf1 Qc7 12. Rc1 g6 13. Qd2 Bg7 14. Rcd1 exd4 15. Nxd4 Nc5 16. f3 Qb6 17. Kh1 a4 18. Rb1 Nh5 19. Nce2 axb3 20. axb3 Ra2 21. Nc3 Nxe4 22. Rxe4 Rxe4 23. fxe4 Rxb2 24. Rxb2 Bxd4 25. Rb1 Qc5 26. Ne2 Be5 27. Qg5 Nf6 28. Qd2 Qf2 29. Qe1 Qxe1 30. Rxe1 Nxe4 31. Ng3 Nxg3+ 32. hxg3 h5 33. Kg1 Kg7 34. Kf2 Kf6 35. Bd3 Bd4+ 36. Kf1 Be6 37. Rd1 Be5 38. Kf2 b5 39. cxb5 Bxb3 40. bxc6 Bxd1 41. c7 Bg4 42. Ba6 d5 43. c8=Q Bxc8 44. Bxc8 Kg5 45. Kf3 f5 46. Be6 d4 47. Bc4 Kf6 48. Bd3 g5 49. Bc4 g4+ 50. Kf2 Kg5 51. Bd3 f4 52. gxf4+ Bxf4 53. g3 Bd6 54. Kg2 h4 55. gxh4+ Kxh4 56. Be4 Kg5 57. Bd3 Kf4 58. Bc4 Ke3 59. Be6 g3 60. Bg4 d3 61. Kf1 d2 62. Bd1 Kd4 63. Ke2 Kc3 64. Kf3 Kb2 65. Be2 Kc1 0-1


[Site "https://www.chess.com"]

[Event "Titled Tuesday Blitz April 19 Late 2022"]
[White "Bryakin, Mikhail"]
[Black "Jaferian, Koosha"]
[WhiteFideId "4165314"]
[BlackFideId "12507440"]
[WhiteElo "2417"]
[BlackElo "2030"]
[Result "1-0"]
[Round "10"]
[TimeControl "180+1"]
[Date "2022.04.19"]
[WhiteClock "0:02:05"]
[BlackClock "0:00:12"]

1. e4 c6 2. d4 d5 3. f3 dxe4 4. fxe4 e5 5. Nf3 Bg4 6. Be3 Nd7 7. h3 Bxf3 8. gxf3 Ngf6 9. c3 Qb6 10. Qb3 Qc7 11. Nd2 b5 12. a4 bxa4 13. Rxa4 Rb8 14. Qa2 Qb6 15. Bc4 Qxb2 16. Bxf7+ Kd8 17. Qxb2 Rxb2 18. Rxa7 exd4 19. cxd4 Bb4 20. Ra8+ Ke7 21. Rxh8 Rb1+ 22. Ke2 Rxh1 23. Bc4 Rxh3 24. Ra8 Rh2+ 25. Kd3 h5 26. Bf4 Rh3 27. Ke2 Bxd2 28. Bxd2 Rh2+ 29. Kd3 c5 30. e5 Ne8 31. Bg5+ Kf8 32. Bb5 cxd4 33. Bxd7 Rf2 34. Rxe8+ Kf7 35. e6+ Kg6 36. f4 h4 37. Rh8 Rf3+ 38. Ke4 Re3+ 39. Kxd4 Re1 40. e7 h3 41. e8=Q+ Rxe8 42. Bxe8+ Kf5 43. Bd7+ Kg6 44. Rxh3 Kf7 45. Bf5 Kg8 46. Ke5 g6 47. Kf6 gxf5 48. Rh1 Kf8 49. Rh8# 1-0


[Site "https://www.chess.com"]

[Event "Titled Tuesday Blitz April 19 Late 2022"]
[White "D`Arruda, Ricardo D."]
[Black "Tristan, Leonardo"]
[WhiteFideId "100692"]
[BlackFideId "113816"]
[WhiteElo "2451"]
[BlackElo "2404"]
[Result "0-1"]
[Round "10"]
[TimeControl "180+1"]
[Date "2022.04.19"]
[WhiteClock "0:00:15"]
[BlackClock "0:00:06"]

1. Nf3 d5 2. d3 Nf6 3. g3 Bf5 4. Bg2 e6 5. O-O Be7 6. Nh4 Bg4 7. h3 Bh5 8. g4 Nfd7 9. Nf3 Bg6 10. Nc3 O-O 11. e4 c6 12. Be3 e5 13. exd5 f5 14. gxf5 Bxf5 15. Nd2 Nf6 16. dxc6 Nxc6 17. Nde4 Qd7 18. Kh2 Rad8 19. Nxf6+ Bxf6 20. Ne4 Be7 21. Qe2 Qc7 22. c3 Nd4 23. Qd1 Ne6 24. Qb3 Kh8 25. Rad1 b6 26. Ng3 Nf4 27. Nxf5 Rxf5 28. Bxf4 exf4 29. Bf3 Bh4 30. d4 Qd6 31. Rde1 Qg6 32. Rg1 Qf6 33. Re6 Qf7 34. Re2 Qf8 35. Rge1 Qd6 36. Qc2 Rdf8 37. Re6 Qd8 38. Qe4 Qg5 39. Rg1 Qd8 40. Qe2 g6 41. Bg4 f3 42. Qe4 Bxf2 43. Bxf5 Bxg1+ 44. Kxg1 Qg5+ 45. Bg4 f2+ 46. Kg2 f1=Q+ 47. Kg3 Qf2# 0-1


[Site "https://www.chess.com"]

[Event "Titled Tuesday Blitz April 19 Late 2022"]
[White "Dauner, Benedikt"]
[Black "Kaasen, Tor Fredrik"]
[WhiteFideId "16225899"]
[BlackFideId "1516647"]
[WhiteElo "2230"]
[BlackElo "2335"]
[Result "1-0"]
[Round "10"]
[TimeControl "180+1"]
[Date "2022.04.19"]
[WhiteClock "0:00:05"]
[BlackClock "0:00:05"]

1. d4 Nf6 2. Nc3 d5 3. Bf4 g6 4. e3 Bg7 5. Nf3 O-O 6. Be2 c5 7. dxc5 Qa5 8. Nd2 Qxc5 9. Nb3 Qb6 10. Nb5 Na6 11. Be5 Bd7 12. a4 Nb4 13. Bd4 Qd8 14. Nc5 Qc8 15. c3 Nc6 16. Nd3 a6 17. Na3 Re8 18. Ne5 Qc7 19. f4 Ne4 20. Nxc6 Bxc6 21. Bxg7 Kxg7 22. Bf3 Nf6 23. O-O e5 24. fxe5 Rxe5 25. Qd4 Rae8 26. Rae1 Kg8 27. Nc2 Nd7 28. Kh1 Nf8 29. Qh4 Qb6 30. Nd4 Qxb2 31. Qf6 Qxc3 32. Bh5 R5e7 33. Re2 gxh5 34. Rc2 Qxe3 35. Nf5 Ne6 36. Nxe3 d4 37. Nf5 h6 38. Nxh6+ Kh7 39. Nf5 Rg8 40. Nxe7 d3 41. Rd2 Rg7 42. Nxc6 bxc6 43. Rxd3 Ng5 44. Rg3 Ne4 45. Rxg7+ 1-0


[Site "https://www.chess.com"]

[Event "Titled Tuesday Blitz April 19 Late 2022"]
[White "Demchenko, Anton"]
[Black "Perrine, Dalton"]
[WhiteFideId "4160258"]
[BlackFideId "2048434"]
[WhiteElo "2539"]
[BlackElo "2488"]
[Result "1-0"]
[Round "10"]
[TimeControl "180+1"]
[Date "2022.04.19"]
[WhiteClock "0:01:22"]
[BlackClock "0:00:01"]

1. e4 c5 2. a3 g6 3. Bc4 Bg7 4. d3 Nc6 5. Ba2 e6 6. Nc3 Nge7 7. Nge2 d5 8. Bd2 d4 9. Nb1 b6 10. O-O O-O 11. Qc1 e5 12. Bh6 Qd6 13. Bxg7 Kxg7 14. Nd2 Be6 15. Bxe6 Qxe6 16. f4 exf4 17. Nxf4 Qd7 18. Nf3 Rae8 19. b4 cxb4 20. axb4 Nxb4 21. Ne5 Qd6 22. Ng4 f5 23. e5 Qc6 24. Nf6 Ra8 25. Qe1 Nxc2 26. Qh4 Rh8 27. Rac1 1-0


[Site "https://www.chess.com"]

[Event "Titled Tuesday Blitz April 19 Late 2022"]
[White "Derraugh, Geordie"]
[Black "Kostiukov, Alexandr"]
[WhiteFideId "2603950"]
[BlackFideId "14108100"]
[WhiteElo "2116"]
[BlackElo "2202"]
[Result "0-1"]
[Round "10"]
[TimeControl "180+1"]
[Date "2022.04.19"]
[WhiteClock "0:02:04"]
[BlackClock "0:02:19"]

1. e4 c5 2. Nf3 g6 3. c3 Bg7 4. d4 cxd4 5. cxd4 d5 6. exd5 Nf6 7. Nc3 Nxd5 8. Bc4 Nb6 9. Bb3 O-O 10. h3 Nc6 11. Be3 Na5 12. Bc2 Nac4 13. Qe2 Nxb2 14. Bb3 N2c4 15. Bxc4 Qc7 16. Nd5 Qxc4 17. Nxe7+ Kh8 18. Nxc8 Qc3+ 0-1


[Site "https://www.chess.com"]

[Event "Titled Tuesday Blitz April 19 Late 2022"]
[White "Dobrov, Vladimir"]
[Black "Caruana, Fabiano"]
[WhiteFideId "4136594"]
[BlackFideId "2020009"]
[WhiteElo "2575"]
[BlackElo "2744"]
[Result "1/2-1/2"]
[Round "10"]
[TimeControl "180+1"]
[Date "2022.04.19"]
[WhiteClock "0:00:06"]
[BlackClock "0:00:05"]

1. c4 e5 2. Nc3 Bb4 3. Nf3 Bxc3 4. bxc3 d6 5. e4 Nc6 6. d3 Nge7 7. Be2 O-O 8. O-O Kh8 9. Nh4 f5 10. Nxf5 Nxf5 11. exf5 Bxf5 12. Be3 Qh4 13. Qd2 h6 14. f4 Rae8 15. Rae1 b6 16. Bf3 Bd7 17. Be4 exf4 18. Bxf4 Qh5 19. Bg3 Ne5 20. h3 Bf5 21. Rxf5 Rxf5 22. Bxf5 Qxf5 23. d4 Nf3+ 24. gxf3 Rf8 25. Qe2 Qxh3 26. Qg2 Qh5 27. Re7 Qg5 28. Rxc7 Qc1+ 29. Kh2 Rf5 30. Bh4 Qf4+ 31. Qg3 Qd2+ 32. Qg2 Qf4+ 33. Qg3 Qd2+ 34. Kg1 Qe3+ 35. Kg2 Qd2+ 36. Qf2 Qxc3 37. Bg3 Rg5 38. Kh2 Rh5+ 39. Kg2 Qc1 40. Qe1 Qc2+ 41. Bf2 Rg5+ 42. Kh3 Qg6 43. Kh2 Rh5+ 44. Bh4 Kh7 45. Kh3 Qf5+ 46. Kg3 Qg6+ 47. Kh3 Qf5+ 48. Kg2 Qg6+ 49. Bg3 Qc2+ 50. Qf2 Qd3 51. Qe1 Qc2+ 52. Bf2 Rg5+ 53. Kf1 Qd3+ 54. Qe2 Qb1+ 55. Be1 Rg6 56. Qe4 Qxa2 57. Bf2 Qa1+ 58. Ke2 Qb2+ 59. Ke3 Qb3+ 60. Ke2 Qb2+ 61. Ke1 Qc1+ 62. Ke2 Qb2+ 1/2-1/2


[Site "https://www.chess.com"]

[Event "Titled Tuesday Blitz April 19 Late 2022"]
[White "Dubov, Daniil"]
[Black "Babazada, Khazar"]
[WhiteFideId "24126055"]
[BlackFideId "13413554"]
[WhiteElo "2791"]
[BlackElo "2406"]
[Result "1/2-1/2"]
[Round "10"]
[TimeControl "180+1"]
[Date "2022.04.19"]
[WhiteClock "0:00:04"]
[BlackClock "0:00:03"]

1. e4 Nf6 2. e5 Nd5 3. Nc3 Nxc3 4. bxc3 d6 5. f4 g6 6. d4 Bg7 7. Bd3 O-O 8. Nf3 c5 9. O-O cxd4 10. cxd4 Nc6 11. c3 Qc7 12. Be3 Na5 13. Rc1 Be6 14. Ng5 Bc4 15. Rf3 Bxd3 16. Qxd3 Qc4 17. Qd2 Qd5 18. Rh3 h6 19. Nf3 Nc4 20. Qe2 Qe4 21. Nd2 Nxd2 22. Qxd2 h5 23. Rf1 e6 24. exd6 Rfd8 25. f5 exf5 26. Bf4 Bf8 27. Be5 Bxd6 28. Bf6 Be7 29. Re3 Qxe3+ 30. Qxe3 Bxf6 31. Rb1 b6 32. a4 Rac8 33. Kh1 Rc4 34. h3 Rdc8 35. Rb3 h4 36. Ra3 Kg7 37. Qd3 R4c7 38. Kg1 Re7 39. Kf2 Rce8 40. a5 bxa5 41. Rxa5 Re4 42. Qd2 R8e7 43. Ra1 f4 44. Rd1 Bg5 45. Qc2 Re3 46. d5 f3 47. gxf3 Bf4 48. d6 Bg3+ 49. Kf1 Rd7 50. Kg2 Rxd6 51. Rxd6 Bxd6 52. Qd2 Re6 53. Qd4+ Be5 54. Qc5 Bf6 55. c4 Re2+ 56. Kg1 Rc2 57. Kf1 a5 58. Qb5 Bd4 59. Qb3 Rc3 60. Qb5 Rxf3+ 61. Kg2 Rg3+ 62. Kh2 Rc3 63. Qd5 Bf6 64. c5 a4 65. c6 a3 66. Kg2 a2 67. Qxa2 Rxc6 68. Kf3 Rc3+ 69. Kg2 Rg3+ 70. Kh2 Be5 71. Qd5 f6 72. Qd7+ Kh6 73. Kh1 Kg5 74. Qd2+ Kh5 75. Qe2+ Kh6 76. Qd2+ Rg5 77. Qe1 Bg3 78. Qe4 Rf5 79. Kg2 Rf2+ 80. Kg1 f5 81. Qd4 Kg5 82. Qd8+ Kf4 83. Qd4+ Kg5 84. Qd8+ Kh6 85. Qh8+ Kg5 86. Qd4 Rf4 87. Qd8+ Kh5 88. Qf6 Bf2+ 89. Kg2 Bd4 90. Qd6 Re4 91. Qd8 Be5 92. Qd7 Re3 93. Qh7+ Kg5 94. Qe7+ Kh5 95. Qh7+ Kg5 96. Qb7 Rg3+ 97. Kf1 Rxh3 98. Qg2+ Rg3 99. Qd2+ Bf4 100. Qd8+ Kg4 101. Qd1+ Rf3+ 102. Kg2 h3+ 103. Kh1 g5 104. Qg1+ Kh5 105. Qd1 g4 106. Qb1 Kh4 107. Qe1+ g3 108. Kg1 Be3+ 109. Kh1 Bf2 110. Qe7+ Kg4 111. Qg7+ Kf4 112. Qd4+ Kg5 113. Qg7+ Kh4 114. Qh6+ Kg4 115. Qg6+ Kf4 116. Qd6+ Ke3 117. Qd3+ Kf4 118. Qd4+ Kg5 119. Qg7+ Kf4 120. Qd4+ 1/2-1/2


[Site "https://www.chess.com"]

[Event "Titled Tuesday Blitz April 19 Late 2022"]
[White "Esipenko, Andrey"]
[Black "Sjugirov, Sanan"]
[WhiteFideId "24175439"]
[BlackFideId "4189302"]
[WhiteElo "2617"]
[BlackElo "2602"]
[Result "1-0"]
[Round "10"]
[TimeControl "180+1"]
[Date "2022.04.19"]
[WhiteClock "0:00:30"]
[BlackClock "0:00:03"]

1. d4 Nf6 2. c4 c6 3. Nf3 d5 4. e3 Bf5 5. Nc3 e6 6. Nh4 Bg6 7. Be2 Nbd7 8. O-O Bd6 9. g3 O-O 10. Nxg6 hxg6 11. Qc2 Qe7 12. Rd1 dxc4 13. Bxc4 Rac8 14. Bf1 e5 15. Bg2 Rfe8 16. a3 a6 17. b4 exd4 18. exd4 Nb6 19. Bg5 Qd7 20. Bxf6 gxf6 21. Ne4 Kg7 22. Nc5 Qc7 23. Qb3 Rcd8 24. h4 Rh8 25. Rac1 Bxc5 26. dxc5 Nc8 27. Rxd8 Rxd8 28. h5 gxh5 29. Re1 Ne7 30. Qf3 Rh8 31. Rd1 Ng6 32. Qf5 Qe5 33. Qxe5 Nxe5 34. f4 Nc4 35. Rd7 Rb8 36. a4 a5 37. b5 cxb5 38. axb5 Rc8 39. c6 bxc6 40. Bxc6 Rb8 41. Bd5 Nb6 42. Rxf7+ Kg6 43. Be6 h4 44. f5+ Kg5 45. Rg7+ Kh5 46. g4+ Kh6 47. Rg6+ Kh7 48. Rxf6 a4 49. g5 Rb7 50. Rh6+ Kg7 51. f6+ 1-0


[Site "https://www.chess.com"]

[Event "Titled Tuesday Blitz April 19 Late 2022"]
[White "Foisor, Sabina-Francesca"]
[Black "Romanchuk, Viktor"]
[WhiteFideId "1212915"]
[BlackFideId "14109271"]
[WhiteElo "2243"]
[BlackElo "2242"]
[Result "1/2-1/2"]
[Round "10"]
[TimeControl "180+1"]
[Date "2022.04.19"]
[WhiteClock "0:00:10"]
[BlackClock "0:00:07"]

1. d4 d5 2. c4 c6 3. Nf3 Nf6 4. Nbd2 Bg4 5. Qb3 Qb6 6. e3 e6 7. Be2 Nbd7 8. O-O Be7 9. h3 Bh5 10. c5 Qc7 11. Qc3 O-O 12. Re1 b6 13. cxb6 axb6 14. Nf1 Ne4 15. Qb3 c5 16. N3d2 c4 17. Qd1 Bxe2 18. Qxe2 f5 19. f3 Nef6 20. e4 fxe4 21. fxe4 c3 22. bxc3 Qxc3 23. Rb1 Qxd4+ 24. Kh1 Bc5 25. Nh2 Rxa2 26. exd5 Qxd5 27. Bb2 e5 28. Ndf3 e4 29. Nd2 Ne5 30. Nxe4 Nxe4 31. Qxe4 Qxe4 32. Rxe4 Nd3 33. Bd4 Nf2+ 34. Bxf2 Rfxf2 35. Rg4 g6 36. Nf3 Rfb2 37. Rxb2 Rxb2 38. Ra4 Rb1+ 39. Kh2 Bd6+ 40. g3 Rb2+ 41. Kg1 Bxg3 42. Ra7 Be5 43. Nxe5 Rb3 44. Nd7 Rxh3 45. Rb7 Rb3 46. Rxb6 Rxb6 47. Nxb6 Kg7 48. Nd5 Kf7 49. Ne3 Ke6 50. Kg2 Ke5 51. Kg3 Ke4 52. Ng4 h6 53. Nxh6 g5 54. Nf7 g4 55. Nh6 Kd4 56. Nxg4 1/2-1/2


[Site "https://www.chess.com"]

[Event "Titled Tuesday Blitz April 19 Late 2022"]
[White "Gatterer, Florian"]
[Black "Sanchez Alvares, Kelvin Antonio"]
[WhiteFideId "811688"]
[BlackFideId "3906680"]
[WhiteElo "2218"]
[BlackElo "2193"]
[Result "1-0"]
[Round "10"]
[TimeControl "180+1"]
[Date "2022.04.19"]
[WhiteClock "0:00:17"]
[BlackClock "0:00:46"]

1. f4 Nf6 2. Nf3 b6 3. g3 Bb7 4. Bg2 e6 5. d3 c5 6. e4 d5 7. e5 Nfd7 8. O-O Nc6 9. c4 dxc4 10. dxc4 Qc7 11. Nc3 a6 12. Be3 Rd8 13. Nd5 exd5 14. cxd5 Nd4 15. Bxd4 cxd4 16. d6 Qc5 17. Rc1 Qb5 18. Rc7 Be4 19. Nxd4 Qd5 20. Bxe4 Qxe4 21. e6 Bxd6 22. exd7+ Kf8 23. Rc8 Be7 24. Re1 Qa8 25. Rxa8 Rxa8 26. Rxe7 Kxe7 27. Nc6+ Kf6 28. d8=Q+ Rhxd8 29. Nxd8 Rc8 30. Qd6+ Kf5 31. Qd7+ 1-0


[Site "https://www.chess.com"]

[Event "Titled Tuesday Blitz April 19 Late 2022"]
[White "Golubev, Mikhail"]
[Black "Martic, Ivan"]
[WhiteFideId "14100983"]
[BlackFideId "929301"]
[WhiteElo "2374"]
[BlackElo "2317"]
[Result "1/2-1/2"]
[Round "10"]
[TimeControl "180+1"]
[Date "2022.04.19"]
[WhiteClock "0:00:03"]
[BlackClock "0:00:18"]

1. e4 c5 2. Nf3 Nc6 3. Nc3 e6 4. d4 cxd4 5. Nxd4 a6 6. Be3 Nf6 7. Bd3 Qc7 8. O-O Nxd4 9. Bxd4 Bc5 10. Be2 d6 11. Qd2 e5 12. Bxc5 dxc5 13. Rad1 Be6 14. Nd5 Bxd5 15. exd5 Qd6 16. f4 e4 17. Qc3 O-O 18. Qe5 Qb6 19. c4 Rfe8 20. Qc3 Rad8 21. b3 Qd6 22. g3 h6 23. Rfe1 Re7 24. Bf1 Rde8 25. Re2 b5 26. cxb5 axb5 27. Rc2 e3 28. Re1 c4 29. bxc4 bxc4 30. Qd4 Re4 31. Qa7 Qxd5 32. Bg2 Qd3 33. Bxe4 Rxe4 34. Rce2 Nd5 35. Qa8+ Kh7 36. Qc8 Re6 37. f5 Re5 38. a4 Nc3 39. Rb2 e2 40. a5 Qe3+ 41. Kg2 Qe4+ 42. Kg1 Qd4+ 43. Kg2 Qe4+ 44. Kg1 Qe3+ 45. Kg2 Qe4+ 1/2-1/2


[Site "https://www.chess.com"]

[Event "Titled Tuesday Blitz April 19 Late 2022"]
[White "Goryachkina, Aleksandra"]
[Black "Wagner, Dinara"]
[WhiteFideId "4147103"]
[BlackFideId "24157570"]
[WhiteElo "2426"]
[BlackElo "2216"]
[Result "1/2-1/2"]
[Round "10"]
[TimeControl "180+1"]
[Date "2022.04.19"]
[WhiteClock "0:00:05"]
[BlackClock "0:00:16"]

1. e4 c5 2. Nf3 d6 3. c3 Nf6 4. Be2 g6 5. O-O Bg7 6. Bb5+ Bd7 7. Bxd7+ Qxd7 8. Re1 O-O 9. d4 cxd4 10. cxd4 d5 11. e5 Ne4 12. Nc3 Nxc3 13. bxc3 Nc6 14. h4 h5 15. Bf4 Nd8 16. Qd2 Ne6 17. Bh6 Rfc8 18. Bxg7 Kxg7 19. Ng5 Nxg5 20. hxg5 Qe6 21. Re3 Rc7 22. Rae1 Rac8 23. Rf3 Rc6 24. Ree3 Qg4 25. Rg3 Qf4 26. Rgf3 Qxg5 27. Rxf7+ Kg8 28. Rff3 Rxc3 29. Rxc3 Qxd2 30. Rxc8+ Kg7 31. Rc7 Qxd4 32. Rxe7+ Kh6 33. Rff7 Kg5 34. g3 Qd1+ 35. Kg2 Qe2 36. Rxb7 Qe4+ 37. Kh2 Qe2 38. Rxa7 d4 39. Kh3 Qg4+ 40. Kg2 Qe4+ 41. f3 Qe2+ 42. Kh3 Qf1+ 43. Kh2 Qf2+ 44. Kh3 Qf1+ 45. Kh2 d3 46. Rad7 Qf2+ 47. Kh3 Qf1+ 48. Kh2 Qf2+ 49. Kh3 Qf1+ 50. Kh2 1/2-1/2


[Site "https://www.chess.com"]

[Event "Titled Tuesday Blitz April 19 Late 2022"]
[White "Hambleton, Aman"]
[Black "Tanenbaum, Zachary"]
[WhiteFideId "2606577"]
[BlackFideId "2060850"]
[WhiteElo "2552"]
[BlackElo "2168"]
[Result "1/2-1/2"]
[Round "10"]
[TimeControl "180+1"]
[Date "2022.04.19"]
[WhiteClock "0:00:02"]
[BlackClock "0:00:04"]

1. d4 d5 2. c4 dxc4 3. e4 c5 4. d5 e6 5. Bxc4 Nf6 6. Nc3 exd5 7. Nxd5 Nxd5 8. Bxd5 Be7 9. Ne2 O-O 10. O-O Nd7 11. Nc3 Nf6 12. Bc4 Be6 13. Bxe6 fxe6 14. Qb3 Qc8 15. Qc4 Ng4 16. f4 Qc6 17. h3 Nf6 18. Be3 a6 19. a4 b5 20. axb5 axb5 21. Qxb5 Qxb5 22. Nxb5 Nxe4 23. Nc7 Rxa1 24. Rxa1 Rb8 25. Nxe6 Rxb2 26. Rc1 Rb5 27. Rc4 Ng3 28. Kf2 Nf5 29. Bxc5 Rb2+ 30. Kg1 Bxc5+ 31. Rxc5 Ne3 32. Rc8+ Kf7 33. Ng5+ Kg6 34. g4 Rc2 35. Rxc2 Nxc2 36. Kf2 Nd4 37. Kg3 Ne2+ 38. Kf3 Nd4+ 39. Ke4 Ne2 40. Ne6 Ng1 41. h4 Kf6 42. Nd4 Nh3 43. Ke3 h6 44. h5 g5 45. hxg6 Kxg6 46. Nf5 h5 47. Nh4+ Kh6 48. Nf5+ Kg6 49. Nh4+ Kh6 50. Kf3 hxg4+ 51. Kxg4 Nxf4 1/2-1/2


[Site "https://www.chess.com"]

[Event "Titled Tuesday Blitz April 19 Late 2022"]
[White "Hoffmann, Asa"]
[Black "Omariev, Maksim"]
[WhiteFideId "2001470"]
[BlackFideId "4193423"]
[WhiteElo "2117"]
[BlackElo "2483"]
[Result "1-0"]
[Round "10"]
[TimeControl "180+1"]
[Date "2022.04.19"]
[WhiteClock "0:00:14"]
[BlackClock "0:00:07"]

1. d4 h5 2. e4 h4 3. Nc3 c6 4. f4 d5 5. Nf3 dxe4 6. Nxe4 h3 7. g3 Bg4 8. Be2 e6 9. c3 Nd7 10. Be3 Ngf6 11. Nf2 Bf5 12. Qd2 Qa5 13. b4 Qa3 14. Qc1 Qxc1+ 15. Bxc1 Be7 16. a3 a5 17. b5 c5 18. Bd2 Rc8 19. O-O b6 20. Rfe1 Ne4 21. Nxe4 Bxe4 22. Be3 f6 23. c4 Kf7 24. Rad1 cxd4 25. Nxd4 Bxa3 26. Bf3 Nc5 27. Bxe4 Nxe4 28. Nc6 Bc5 29. Rd7+ Kf8 30. Bxc5+ Nxc5 31. Ra7 Rh5 32. Rd1 e5 33. fxe5 fxe5 34. Rf1+ Kg8 35. Ne7+ Kh7 36. Nxc8 e4 37. Nd6 e3 38. Re1 Re5 39. Nf7 Re4 40. Ng5+ Kg6 41. Nxe4 Nxe4 42. Rxe3 Nd2 43. c5 bxc5 44. b6 Nc4 45. Rc3 Nxb6 46. Ra6 Kf5 47. Rxb6 g5 48. Rxc5+ Kg4 49. Kf2 Kh5 50. Kf3 a4 51. g4+ Kh4 52. Rh6# 1-0


[Site "https://www.chess.com"]

[Event "Titled Tuesday Blitz April 19 Late 2022"]
[White "Indjic, Aleksandar"]
[Black "Martinez Alcantara, Jose Eduardo"]
[WhiteFideId "911925"]
[BlackFideId "3805662"]
[WhiteElo "2616"]
[BlackElo "2690"]
[Result "0-1"]
[Round "10"]
[TimeControl "180+1"]
[Date "2022.04.19"]
[WhiteClock "0:00:01"]
[BlackClock "0:01:16"]

1. d4 Nf6 2. c4 e6 3. Nc3 Bb4 4. f3 c5 5. a3 Bxc3+ 6. bxc3 d6 7. e4 Nc6 8. Ne2 e5 9. d5 Na5 10. Ng3 b6 11. Bd3 h6 12. Qc2 Qe7 13. O-O g5 14. Re1 Bd7 15. a4 Rg8 16. Nf1 Nh5 17. Ne3 Nf6 18. Rb1 Kd8 19. Rb5 Kc7 20. Bd2 Qf8 21. Reb1 Bxb5 22. cxb5 Nh5 23. c4 Nb7 24. a5 Ng7 25. Ra1 h5 26. Ra2 f6 27. Ra1 Qc8 28. h3 Rh8 29. Kf2 Kd7 30. Ra3 Ke7 31. Qa2 Kf7 32. Ke2 Rb8 33. Kd1 Re8 34. Kc2 Re7 35. Qa1 Nd8 36. a6 Kg8 37. Qd1 Nf7 38. Kb2 Nh8 39. Qc2 Ng6 40. Ra1 Nf4 41. Bf1 Qd7 42. Bc3 Kf7 43. Rd1 Rh8 44. Qf2 Ke8 45. Qg1 Kd8 46. Qh2 f5 47. g3 Ng6 48. exf5 Nxf5 49. Nxf5 Qxf5 50. Qf2 Rf8 51. Be2 g4 52. hxg4 hxg4 53. Qe3 gxf3 54. Bf1 e4 0-1


[Site "https://www.chess.com"]

[Event "Titled Tuesday Blitz April 19 Late 2022"]
[White "Iskusnyh, Sergei"]
[Black "Shimanov, Aleksandr"]
[WhiteFideId "4120027"]
[BlackFideId "4198603"]
[WhiteElo "2492"]
[BlackElo "2636"]
[Result "0-1"]
[Round "10"]
[TimeControl "180+1"]
[Date "2022.04.19"]
[WhiteClock "0:00:19"]
[BlackClock "0:01:28"]

1. d4 Nf6 2. c4 g6 3. g3 Bg7 4. Bg2 O-O 5. Nc3 d6 6. Nf3 Nc6 7. O-O e5 8. dxe5 Nxe5 9. b3 Ned7 10. Bb2 Re8 11. Qc2 Nc5 12. Nd4 a5 13. Rad1 c6 14. h3 Qe7 15. e3 h5 16. Rd2 h4 17. g4 Nxg4 18. hxg4 Bxg4 19. Bf3 Qg5 20. Bxg4 Qxg4+ 21. Kh2 Be5+ 22. f4 Qg3+ 23. Kh1 Qh3+ 24. Kg1 Qxe3+ 25. Rff2 Bxd4 26. Rxd4 Qxd4 27. Nd5 Re1+ 28. Kh2 Qd3 29. Nf6+ Kf8 30. Qc3 Qxc3 31. Bxc3 Ne4 32. Bxe1 Nxf6 33. Re2 Re8 34. Rxe8+ Kxe8 35. Bxa5 Nh5 36. Bd2 Ng3 37. Kh3 Nf5 38. Kg4 Kd7 39. b4 Ke6 40. a4 d5 41. b5 dxc4 42. bxc6 bxc6 43. a5 Kd7 44. a6 Kc7 45. Ba5+ Kb8 0-1


[Site "https://www.chess.com"]